 Dungeon Crawl Stone Soup version 0.20-a0-1126-g0f15420 (webtiles) character file.

48 inmateoo the Ruffian (level 3, -7/29 HPs)
             Began as a Demonspawn Fighter on May 17, 2017.
             Mangled by a gnoll
             ... wielding a +2 halberd of venom
              (9 damage)
             ... on level 3 of the Dungeon.
             The game lasted 00:01:47 (960 turns).

inmateoo the Ruffian (Demonspawn Fighter)            Turns: 960, Time: 00:01:48

Health: -7/29      AC: 13    Str: 17    XL:     3   Next: 50%
Magic:  3/3        EV:  6    Int:  9    God:
Gold:   74         SH:  8    Dex: 12    Spells: 2/2 levels left

rFire    . . .     SeeInvis .     - Unarmed
rCold    . . .     Gourm    .   b - +0 shield
rNeg     . . .     Faith    .   a - +0 scale mail
rPois    .         Spirit   .   (no helmet)
rElec    .         Reflect  .   h - +0 cloak (curse)
rCorr    .         Harm     .   (no gloves)
MR       .....                  (no boots)
Stlth    ..........             (no amulet)
Regen    0.1/turn               (no ring)
MPRegen  0.1/turn               (no ring)

@: lethally poisoned (-7 -> -41), sanguine armour
A: sanguine armour 1
a: no special abilities


You were on level 3 of the Dungeon.
You were not hungry.

You visited 1 branch of the dungeon, and saw 3 of its levels.

You collected 74 gold pieces.

Inventory:

Hand Weapons
 c - a +2 short sword of venom
Armour
 a - a +0 scale mail (worn)
 b - a +0 shield (worn)
 h - a cursed +0 cloak (worn)
Scrolls
 e - 2 scrolls of fog {unknown}
 g - 3 scrolls of identify {unknown}
 i - a scroll of amnesia {unknown}
 k - a scroll of recharging {unknown}
 m - a scroll of remove curse {unknown}
Potions
 f - a potion of haste
 j - a potion of heal wounds
Comestibles
 d - 2 bread rations


   Skills:
 - Level 3.0 Fighting
 - Level 2.6 Armour
 - Level 2.6 Shields
 + Level 3.5 Unarmed Combat


You had 2 spell levels left.
You didn't know any spells.

Dungeon Overview and Level Annotations

Branches:
Dungeon (3/15)

Altars:
Elyvilon

Annotations:
D:3 inmateoo's ghost, weakling DsFi


Innate Abilities, Weirdness & Mutations

When seriously injured, your bleeding wounds create armour. (AC +6)


Message History

You are lethally poisoned!
You hit the gnoll but do no damage.
The gnoll is moderately wounded.
You feel sick. The gnoll hits you but does no damage.
You are more poisoned.
You barely miss the gnoll.
The gnoll is moderately wounded.
* * * LOW HITPOINT WARNING * * *
You feel sick. The gnoll hits you but does no damage.
You are more poisoned.
You closely miss the gnoll.
The gnoll is moderately wounded.
* * * LOW HITPOINT WARNING * * *
You feel very sick.
You hit the gnoll.
The gnoll is severely wounded.
* * * LOW HITPOINT WARNING * * *
You feel very sick.
The gnoll hits you with a halberd of venom!
You die...

........ ..# .# #.# ..#g#
... %# .##.##..#...g# .#
.. . ..# ..... .#
#.###.##.#.# .#
########..........#.
.###...........%.......
).......(.# #g##.#
<.(...###)# #.@#.#
#.##..# #(# ###).#.#####.
#.##..# #(###............
#.##..###...........####
#.##..#.))......†...#
#.##..#)#.#####..##.#
#.##..#(#.# #......#
#)##..#.#.####......#
#.....)..................


You could see a gnoll.

Vanquished Creatures
  A gnoll (D:3)
  An adder (D:2)
  A dart slug (D:1)
  A giant cockroach (D:2)
  4 goblins
  3 hobgoblins
  3 quokkas
  5 bats
  2 frilled lizards
  3 kobolds
24 creatures vanquished.

Notes
Turn   | Place    | Note
-------+----------+-------------------------------------------
     0 | D:1      | inmateoo the Demonspawn Fighter began the quest for the Orb.
     0 | D:1      | Reached XP level 1. HP: 18/18 MP: 1/1
    32 | D:2      | Found a white marble altar of Elyvilon.
    79 | D:2      | Gained mutation: When seriously injured, your bleeding wounds create armour. (AC +6) [demonic ancestry]
    79 | D:2      | Reached XP level 2. HP: 15/24 MP: 2/2
   271 | D:3      | Noticed inmateoo's ghost (weakling DsFi)
   672 | D:3      | Reached XP level 3. HP: 4/29 MP: 3/3
   779 | D:3      | HP: 1/29 [poisoned by a goblin]
   960 | D:3      | Mangled by a gnoll

Vault maps used:
D:1:      dpeg_arrival_tiny_i
D:2:      lemuel_zombie_altar_yredelemnul, lemuel_crystal_altar, first_bread

Skill      XL: |  1  2 |
---------------+-------+-----
Unarmed Combat | 2 3 |  3.5
Fighting       | |  3.0
Armour         | |  2.6
Shields        | |  2.6

Action                   || total
-------------------------++-------
Melee: Unarmed           ||   123
  Use: Potion            ||     5
Armor: Scale mail        ||    96
Dodge: Dodged            ||    48
Block: Shield            ||    64
